 Dungeon Crawl Stone Soup version 0.31-a0-819-gf6de2f5ab6 (webtiles) character file.

Game seed: 7707869413001486750

86 qw the Shooter (level 4, 0/28 HPs)
             Began as a Gargoyle Hunter on Sept 23, 2023.
             Slain by a cerulean imp
             ... wielding a +2 spear
             ... summoned by Natasha
              (2 damage)
             ... on level 2 of the Dungeon.
             The game lasted 00:00:35 (1390 turns).

qw the Shooter (Gargoyle Hunter)                    Turns: 1390, Time: 00:00:35

Health: 0/28       AC:  9    Str: 20    XL:     4   Next: 49%
Magic:  4/4        EV: 11    Int: 10    God:
Gold:   104        SH:  0    Dex: 15    Spells: 3/3 levels left

rFire   . . .        Y - +0 shortbow
rCold   + . .        (shield currently unavailable)
rNeg    + . .        e - +0 ring mail
rPois   inf          (no helmet)
rElec   +            i - +0 cloak
rCorr   .            (no gloves)
SInv    .            (no boots)
Will    .....        (no amulet)
Stlth   +            j - ring of protection from cold
HPRegen 0.24/turn    k - +6 ring of strength
MPRegen 0.09/turn

%: no passive effects
@: slowed, very slow
A: sickness immunity, AC +3, negative energy resistance 1, electricity
resistance, torment resistance 1, petrification resistance
a: no special abilities


You were on level 2 of the Dungeon.
You visited 1 branch of the dungeon, and saw 2 of its levels.

You collected 104 gold pieces.


Innate Abilities, Weirdness & Mutations

You are immune to sickness and miasma.
Your stone body is resilient. (AC +3)
You are immune to poison.
You resist negative energy. (rN+)
You are resistant to electric shocks. (rElec)
You are resistant to unholy torment.
You are immune to petrification.


   Skills:
 - Level 3.3 Fighting
 + Level 5.1 Ranged Weapons
 - Level 1.1 Armour
 - Level 1.5 Dodging
 - Level 1.1 Stealth


You had 3 spell levels left.
You didn't know any spells.
Your spell library was empty.

Inventory:

Hand Weapons
 Y - a +0 shortbow (weapon)
Armour
 e - a +0 ring mail (worn)
 i - a +0 cloak (worn)
Jewellery
 d - an amulet of reflection
 j - a ring of protection from cold (left hand)
 k - a +6 ring of strength (right hand)
Wands
 a - a wand of digging (6)
Scrolls
 g - a scroll of torment {unknown}
Potions
 b - a potion of berserk rage {unknown}
 c - a potion of enlightenment {unknown}
 f - a potion of mutation {unknown}
 h - a potion of brilliance {unknown}

Dungeon Overview and Level Annotations

Branches:
Dungeon (2/15)

Altars:

Annotations:
D:2 Natasha


Message History

You shoot an arrow. The arrow barely misses Natasha.
Natasha barely misses you.
You shoot an arrow. The arrow barely misses Natasha.
The arrow hits the worm but does no damage.
Natasha stares at you and mumbles some strange words.
The magic dart hits you.
You shoot an arrow. The arrow hits Natasha.
Natasha is severely wounded.
Natasha claws you but does no damage.
Natasha casts a spell.
You shoot an arrow. The arrow closely misses Natasha.
The arrow hits the worm.
The worm is moderately wounded.
Natasha mewls in sadness.
Natasha closely misses you.
You shoot an arrow. The arrow barely misses Natasha.
The arrow hits the worm.
The worm is heavily wounded.
The cerulean imp hits you but does no damage.
Natasha barely misses you.
You shoot an arrow. The arrow misses Natasha.
The arrow barely misses the worm.
The cerulean imp hits you but does no damage.
Natasha claws you.
The cerulean imp hits you from afar with a +2 spear.
You shoot an arrow. The arrow misses Natasha.
The arrow hits the worm!
The worm is almost dead.
Natasha barely misses you.
The cerulean imp hits you but does no damage.
You shoot an arrow. The arrow barely misses Natasha.
The arrow hits the worm!
You kill the worm!
Natasha stares at you and mumbles some strange words.
You feel yourself slow down. The cerulean imp misses you.
Natasha stares at you and mumbles some strange words.
The magic dart hits you!
You shoot an arrow. The arrow completely misses Natasha.
The cerulean imp closely misses you. Natasha claws you.
The cerulean imp hits you but does no damage.
You shoot an arrow. The arrow hits Natasha.
Natasha is almost dead.
Natasha barely misses you.
The cerulean imp hits you from afar with a +2 spear.
You die...

.........#.............######....
........##........#.##......#....
##...#.[#.....#.....##.#.........
###...##.#........###.#.........
###.#...........# #...........
#####........####........#..
###...#..#......>.#..#..
###...##....###.#..%..
###@######.##.#...<.
#h#....#........#.
.w...$5%##...#.#....#...
....)#.###............#. .#.. ..
##.............. ... ..#
#.......#......# .. ...
#............... .
...####....###.....#<.
.#..#...[.#.%........##


You could see Natasha and a cerulean imp (summoned).

Vanquished Creatures
  Jessica (D:2)
  An adder (D:1)
  An adder zombie (D:2)
  2 worms (D:2)
  An orc (D:2)
  5 ball pythons
  A bat zombie (D:2)
  An endoplasm (D:1)
  2 giant cockroaches
  3 hobgoblins
  4 jackals (D:1)
  A quokka (D:2)
  6 bats
  3 frilled lizards (D:2)
  5 goblins
  A jackal zombie (D:2)
  3 rats (D:1)
41 creatures vanquished.

Notes
Turn   | Place    | Note
-------+----------+-------------------------------------------
     0 | D:1      | qw the Gargoyle Hunter began the quest for the Orb.
     0 | D:1      | Reached XP level 1. HP: 12/12 MP: 1/1
     0 | D:1      | 0 ||| qw: Version: 0.3-a-83-gcd0e7d8
     0 | D:1      | 0 ||| qw: Game counter: 1522
     0 | D:1      | 0 ||| qw: Melee chars always use a shield: true
     0 | D:1      | 0 ||| qw: God list: Okawaru
     0 | D:1      | 0 ||| qw: Allow faded altars: false
     0 | D:1      | 0 ||| qw: Do Orc after clearing Dungeon:15 true
     0 | D:1      | 0 ||| qw: Do second Lair branch before Depths: true
     0 | D:1      | 0 ||| qw: Lair rune preference: random
     0 | D:1      | 0 ||| qw: Goals: Normal
     0 | D:1      | 0 ||| PLANNING D:1-11
    63 | D:1      | HP: 3/12 [hobgoblin (4)]
    81 | D:1      | Reached XP level 2. HP: 5/17 MP: 2/2
   914 | D:1      | 914 ||| UPGRADING to +0 ring mail.
   924 | D:1      | 924 ||| DROPPING +0 leather armour.
   925 | D:1      | 925 ||| DROPPING scarf of harm.
   926 | D:1      | 926 ||| UPGRADING to +0 cloak.
   931 | D:1      | 931 ||| UPGRADING to ring of protection from cold.
   932 | D:1      | 932 ||| UPGRADING to +6 ring of strength.
   933 | D:1      | 933 ||| READING scroll labelled FOMAUDGH ILEMI.
   934 | D:1      | 934 ||| READING scroll labelled LEKAED MILIPTE.
   939 | D:1      | 939 ||| READING scroll labelled TAAMIDE YSADO.
   940 | D:1      | 940 ||| DROPPING scroll of butterflies.
   968 | D:2      | 968 ||| STAIRDANCE
   973 | D:1      | Reached skill level 1 in Armour
   973 | D:1      | Reached XP level 3. HP: 21/21 MP: 3/3
   983 | D:2      | 983 ||| STAIRDANCE
  1049 | D:2      | Reached skill level 5 in Ranged Weapons
  1259 | D:2      | Noticed Jessica
  1269 | D:2      | Killed Jessica
  1270 | D:2      | Reached skill level 3 in Fighting
  1270 | D:2      | Reached XP level 4. HP: 22/28 MP: 4/4
  1366 | D:2      | Noticed Natasha
  1373 | D:2      | 1373 ||| Stepping ~*~*~tactically~*~*~ (retreating).
  1388 | D:2      | HP: 4/28 [Natasha/magic dart (7)]
  1390 | D:2      | Slain by a cerulean imp

Levels and vault maps discovered:
D:1:      dpeg_arrival_long_road, layout_loops_corners
D:2:      minmay_skewed_foursquare, layout_basic, serial_undead,
          serial_undead_d, serial_undead_c, serial_undead_a, serial_undead_b,
          basic_altar, corner_web_ring, uniq_jessica, uniq_natasha

Skill      XL: |  1  2  3 |
---------------+----------+-----
Armour         | 1 |  1.1
Ranged Weapons | 5 |  5.1
Fighting       | 3 |  3.3
Dodging        | |  1.5
Stealth        | |  1.1

Action                     |  1- 3 |  4- 6 || total
---------------------------+-------+-------++-------
   Fire: Shortbow          |   120 |    28 ||   148
    Use: Scroll            |     3 |       ||     3
 Armour: Leather armour    |    18 |       ||    18
         Ring mail         |    18 |    20 ||    38
  Dodge: Dodged            |    51 |    16 ||    67

Table legend:
 A = Non-vault XP
 B = Vault XP
 C = Vault XP percentage of total XP
 D = Non-vault monster count
 E = Vault monster count
 F = Vault count percentage of total count
                 A         B        C        D         E       F
            +---------+---------+-------+---------+---------+-------
      Total |      69 |      54 |  43.9 |      32 |       9 |  22.0
            +---------+---------+-------+---------+---------+-------
        D:1 |      45 |       0 |   0.0 |      21 |       0 |   0.0
        D:2 |      24 |      54 |  69.2 |      11 |       9 |  45.0
            +---------+---------+-------+---------+---------+-------
